 Dungeon Crawl Stone Soup version 0.28-a0-973-ga7f8b01127 (webtiles) character file.

Game seed: 8026877674887269309

6824 browni3141 the Protected (level 10, -7/88 HPs)
             Began as a Demigod Fighter on Dec 1, 2021.
             Mangled by a catoblepas (9 damage)
             ... while petrified by a catoblepas
             ... on level 9 of the Dungeon on Dec 2, 2021.
             The game lasted 00:31:00 (15313 turns).

browni3141 the Protected (Demigod Fighter)         Turns: 15313, Time: 00:31:01

Health: -7/88      AC: 15    Str: 17    XL:     10   Next: 49%
Magic:  13/13      EV:  2    Int: 10    God:
Gold:   154        SH:  0    Dex: 25    Spells: 9/9 levels left

rFire   . . .      SeeInvis .   e - +2 dagger (venom)
rCold   . . .      Faith    .   (no shield)
rNeg    + + +      Spirit   .   v - +0 plate armour
rPois   ∞          Reflect  .   (no helmet)
rElec   .          Harm     .   d - +0 cloak
rCorr   .          Rampage  .   (no gloves)
Will    +....                   (no boots)
Stlth   ..........              (no amulet)
HPRegen 0.24/turn               (no ring)
MPRegen 0.13/turn               (no ring)

@: petrified
A: high mp 1, forlorn, divine attributes
a: no special abilities


You were on level 9 of the Dungeon.
You visited 1 branch of the dungeon, and saw 9 of its levels.

You collected 373 gold pieces.
You spent 219 gold pieces at shops.

Inventory:

Hand Weapons
 a - a +0 long sword
 b - a +0 hunting sling of freezing
 e - a +2 dagger of venom (weapon)
 w - a +0 hunting sling
 F - a +0 great sword
 J - a +5 halberd of freezing
Missiles
 f - 61 sling bullets
 h - 15 poisoned darts (quivered)
 j - 125 arrows
 k - 9 bolts
 K - a throwing net
Armour
 c - a +0 buckler
 d - a +0 cloak (worn)
 l - a +0 scale mail
 r - a +0 tower shield
 s - +0 steam dragon scales
 v - a +0 plate armour (worn)
Jewellery
 y - a ring of magical power
Wands
 H - a wand of digging (4)
Scrolls
 g - 2 scrolls of blinking
 i - a scroll of holy word
 m - 3 scrolls of identify
 n - 2 scrolls of fear
 o - 5 scrolls of fog
 p - 2 scrolls of teleportation
 u - a scroll of enchant armour {unknown}
 x - 2 scrolls of silence {unknown}
 E - a scroll of magic mapping
 G - 2 scrolls of vulnerability {unknown}
Potions
 q - 3 potions of mutation {unknown}
 t - 2 potions of ambrosia {unknown}
 z - a potion of brilliance {unknown}
 A - 2 potions of haste {unknown}
 B - 2 potions of curing
 C - a potion of berserk rage {unknown}
 D - a potion of magic {unknown}
 I - a potion of cancellation {unknown}


   Skills:
 - Level 8.0 Fighting
 - Level 1.7 Long Blades
 * Level 3.4 Polearms
 * Level 8.8 Armour
 * Level 8.1 Dodging
 - Level 5.8 Shields


You had 9 spell levels left.
You didn't know any spells.
Your spell library contained the following spells:

 Spells                   Type           Power      Damage    Failure   Level
 Beastly Appendage        Tmut           0%         N/A       100%        1
 Static Discharge         Conj/Air       0%         N/A       100%        2
 Wereblood                Tmut           0%         N/A       100%        2
 Ozocubu's Armour         Ice            0%         N/A       100%        3
 Spider Form              Tmut/Pois      0%         N/A       100%        3
 Lightning Bolt           Conj/Air       0%         1d11      100%        5
 Ozocubu's Refrigeration  Ice            0%         4d5       100%        7
 Maxwell's Capacitive Co  Air            0%         ∞         100%        8


Dungeon Overview and Level Annotations

Branches:
Dungeon (9/15)             Temple (0/1) D:5            Lair (0/6) D:8
    Orc: D:9-12

Shops:
D:1 (   D:4 *   D:5 (   D:6 !

Annotations:
D:6 1 runed translucent door, Crazy Yiuf, Grinder
D:7 3 runed translucent doors, croobank's ghost, novice OpMo
D:9 Psyche


Innate Abilities, Weirdness & Mutations

You have an increased reservoir of magic. (+10% MP)
You shall have no god before yourself.
Your divine heritage dramatically boosts your attributes as you level up.


Message History

There is a stone staircase leading up, spattered with blood here.
The yak is engulfed in calcifying dust.
The yak is engulfed in calcifying dust.
The catoblepas breathes a plume of calcifying dust at you.
The blast of calcifying dust hits the two-headed ogre.
The blast of calcifying dust hits you!
The two-headed ogre is engulfed in calcifying dust.
The helpless yak fails to defend itself.
You puncture the yak!
The yak is poisoned.
The yak is lightly wounded.
You are engulfed in calcifying dust.
You are slowing down.
The two-headed ogre is engulfed in calcifying dust.
The two-headed ogre is no longer petrified.
The two-headed ogre is engulfed in calcifying dust.
The two-headed ogre is moving more slowly.
Your limbs are stiffening.
The yak is no longer petrified.
The two-headed ogre is engulfed in calcifying dust.
The two-headed ogre stops moving altogether!
You have turned to stone.
The catoblepas breathes a plume of calcifying dust at you.
The blast of calcifying dust hits you but does no damage.
You are engulfed in calcifying dust. x3
The yak looks more healthy.
The catoblepas gores you!!
The yak is engulfed in calcifying dust.
The yak is moving more slowly.
The catoblepas gores you!!
* * * LOW HITPOINT WARNING * * *
The yak gores you but does no damage.
The two-headed ogre is no longer petrified.
The catoblepas gores you!!
* * * LOW HITPOINT WARNING * * *
The yak gores you.
* * * LOW HITPOINT WARNING * * *
The catoblepas gores you!
* * * LOW HITPOINT WARNING * * *
The yak gores you.
* * * LOW HITPOINT WARNING * * *
The catoblepas gores you!!
You die...

########......#[..........
#....###..#...#....#.####.
#......#.##...##......# .
#......#.#.....#.<....#
#......#.#.....#...†..# ..
#......#.##...##.....)#...
#....###..#####....Y..'...
#....#####Y####.....O.#...
#....#...@Y..'........#...
#....'....O..##....#### ##
#....#.......####+#####.#
#....#.......'..........#
#....##......##.........#
#.>..##......##.........#
#............##..(####'##
#............##...## #
#..................#


You could see a catoblepas, a two-headed ogre and a yak (petrifying).

Vanquished Creatures
  A two-headed ogre (D:8)
  Joseph (D:8)
  Maggie (D:6)
  A hornet (D:9)
  Prince Ribbit (D:6)
  2 wyverns
  9 yaks (D:8)
  A steam dragon (D:6)
  3 wargs (D:8)
  An orc warrior (D:5)
  A sky beast (D:4)
  A black bear (D:4)
  2 necrophages
  3 ice beasts
  2 ogres
  3 centaurs
  A phantom (D:4)
  4 kobold brigands
  3 bullfrogs
  A gnoll sergeant (D:9)
  3 scorpions (D:5)
  A wyvern skeleton (D:5)
  3 killer bees
  7 wights
  4 howler monkeys
  3 centaur zombies
  A centaur skeleton (D:7)
  A hound (D:5)
  2 jellies
  5 orc priests
  A bullfrog skeleton (D:5)
  3 iguanas
  2 orc wizards
  A hound skeleton (D:4)
  A howler monkey zombie (D:8)
  6 adders
  3 gnolls
  An ufetubus (D:6)
  An adder skeleton (D:3)
  A worm (D:4)
  2 dart slugs
  20 orcs
  7 ball pythons
  3 bats
  11 endoplasms
  5 giant cockroaches
  8 goblins
  7 hobgoblins
  13 jackals
  4 quokkas
  4 frilled lizards
  16 kobolds
  8 rats
200 creatures vanquished.

Vanquished Creatures (others)
  An orc wizard (D:7)
  5 fungi (D:3)
  A plant (D:3)
7 creatures vanquished.

Grand Total: 207 creatures vanquished

Notes
Turn   | Place    | Note
-------+----------+-------------------------------------------
     0 | D:1      | browni3141 the Demigod Fighter began the quest for the Orb.
     0 | D:1      | Reached XP level 1. HP: 18/18 MP: 3/3
   426 | D:1      | Reached XP level 2. HP: 22/25 MP: 4/4
   866 | D:1      | Reached skill level 1 in Dodging
  1142 | D:1      | Reached XP level 3. HP: 29/31 MP: 5/5
  1317 | D:1      | Found Yceygg's Weapon Boutique.
  2432 | D:3      | Reached XP level 4. HP: 30/38 MP: 6/6
  2658 | D:3      | You fall into a shaft and drop 1 floor!
  2691 | D:4      | Found Vuuk's General Store.
  2695 | D:4      | Found Laocvaem's Specific Store.
  2752 | D:4      | Bought a scroll of identify for 22 gold pieces
  2756 | D:4      | Bought a scroll of fear for 38 gold pieces
  2756 | D:4      | Bought a scroll of fog for 22 gold pieces
  2756 | D:4      | Bought a scroll of teleportation for 33 gold pieces
  3205 | D:4      | Noticed a kobold brigand
  3217 | D:4      | Killed a kobold brigand
  3218 | D:4      | Reached XP level 5. HP: 24/46 MP: 7/7
  3411 | D:4      | Noticed a black bear
  3431 | D:4      | Killed a black bear
  3643 | D:4      | Noticed a necrophage
  3643 | D:4      | Noticed a sky beast
  3668 | D:3      | Killed a necrophage
  3669 | D:3      | Reached XP level 6. HP: 39/52 MP: 8/8
  4466 | D:5      | Entered Level 5 of the Dungeon
  4912 | D:5      | Reached XP level 7. HP: 57/60 MP: 9/9
  5210 | D:5      | Reached skill level 5 in Armour
  5445 | D:5      | Found Neantiru's Antique Weapon Boutique.
  5512 | D:5      | Reached skill level 5 in Fighting
  5579 | D:5      | Found a staircase to the Ecumenical Temple.
  6297 | D:5      | Reached XP level 8. HP: 65/69 MP: 10/10
  6491 | D:6      | Noticed Prince Ribbit
  6614 | D:6      | Killed Prince Ribbit
  6824 | D:6      | Reached skill level 5 in Dodging
  7077 | D:6      | Noticed Maggie
  7103 | D:6      | Killed Maggie
  7932 | D:6      | Noticed Grinder
  8059 | D:6      | Found a runed translucent door.
  8060 | D:6      | Noticed Crazy Yiuf
  8146 | D:6      | Found Plog's Distillery.
  8150 | D:6      | Bought a potion of heal wounds for 65 gold pieces
  8150 | D:6      | Bought a potion of curing for 39 gold pieces
  8435 | D:7      | Reached skill level 5 in Shields
  8435 | D:7      | Reached XP level 9. HP: 60/73 MP: 11/11
  8559 | D:7      | HP: 1/76 [orc warrior (12)]
  9541 | D:7      | Found a runed translucent gate.
  9542 | D:7      | Noticed a kobold demonologist
  9794 | D:7      | Found a runed translucent gate.
  9795 | D:7      | Found a runed translucent gate.
  9797 | D:7      | Noticed croobank's ghost (novice OpMo)
 10510 | D:8      | Found a staircase to the Lair.
 11517 | D:8      | Noticed a two-headed ogre
 12926 | D:8      | Noticed Joseph
 12948 | D:8      | Killed Joseph
 12949 | D:8      | Reached XP level 10. HP: 34/88 MP: 13/13
 13647 | D:9      | Noticed a two-headed ogre
 13713 | D:9      | Reached skill level 1 in Polearms
 13732 | D:9      | Noticed a catoblepas
 13930 | D:9      | Noticed a four-headed hydra
 14426 | D:8      | Killed a two-headed ogre
 15269 | D:9      | Noticed a two-headed ogre
 15271 | D:9      | Paralysed by a hornet for 2 turns
 15272 | D:9      | Noticed Psyche
 15312 | D:9      | HP: 3/88 [catoblepas (6)]
 15313 | D:9      | Mangled by a catoblepas

Illustrated notes

Levels and vault maps discovered:
D:1:      heliophobic_arrival_dark_side_of_the_moon, layout_basic, serial_shops,
          nicolae_lakefront_shop, minivault_11, wad_floor_pattern_2
D:2:      layout_basic
D:3:      layout_rooms, dreamdust_ecumenical_altar_grove, grunt_decor_cap
D:4:      layout_basic, minmay_door_square, nicolae_specific_store
D:5:      layout_loops_corners, temple_green, serial_shops, shop
D:6:      layout_basic, serial_shops, shop, uniq_crazy_yiuf_cottage,
          uniq_grinder, uniq_prince_ribbit1, uniq_maggie
D:7:      layout_rooms, gammafunk_ghost_nasty_kobolds, serial_co_window_serial,
          co_window_paths_b, co_window_corner_a, co_window_of_opportunity_a,
          co_window_cross_1, co_window_paths_b, co_window_corner_b,
          co_window_of_opportunity_b, co_window_corner_b,
          co_window_unsneaky_path_b, co_window_broadway_b, glass_columns_b
D:8:      layout_basic, nicolae_ru_great_annihilating_truth,
          erik_lair_orcish_takeover, eino_small_chamber_without_monster,
          uniq_joseph
D:9:      minmay_the_grid_4x2 [minmay_the_grid_minigrid_medium,
          minmay_the_grid_tiny_cups, minmay_the_grid_dragon_a,
          minmay_the_grid_spin_star, minmay_the_grid_minigrid_large,
          minmay_the_grid_spikes, minmay_the_grid_aliased_spiral,
          minmay_the_grid_prize_four_corners_diamond_a], layout_gridville,
          nicolae_overflow_hidden_temple, mainiacjoe_overflow_big_doors,
          eino_small_chamber_without_monster, minmay_fountain_box, uniq_psyche

Skill      XL: |  1  2  3  4  5  6  7  8  9 10 |
---------------+-------------------------------+-----
Fighting       | 3 4 5 6 7 8 |  8.0
Armour         | 3 4 5 6 8 |  8.8
Dodging        | 1 2 3 4 5 7 8 |  8.1
Shields        | 3 4 5 |  5.8
Polearms       | 3 |  3.4
Long Blades    | |  1.7

Action                   |  1- 3 |  4- 6 |  7- 9 | 10-12 || total
-------------------------+-------+-------+-------+-------++-------
Melee: Long sword        |    53 |    38 |   232 |     3 ||   326
       Dagger            |   103 |   103 |   307 |    97 ||   610
       Halberd           |       |       |       |    11 ||    11
 Fire: Hunting sling     |       |     4 |    35 |       ||    39
Throw: Dart              |       |     3 |     9 |     7 ||    19
  Use: Potion            |     1 |       |     5 |       ||     6
       Scroll            |       |     4 |     1 |     1 ||     6
 Stab: Invisible         |       |       |     1 |       ||     1
       Paralysed         |       |       |     1 |       ||     1
       Petrified         |       |       |       |     4 ||     4
       Distracted        |       |       |       |     1 ||     1
Armor: Scale mail        |    51 |    42 |       |       ||    93
       Plate armour      |       |    18 |   355 |    60 ||   433
Dodge: Dodged            |    75 |    47 |   261 |    65 ||   448
Block: Buckler           |    42 |    46 |   204 |     1 ||   293

Table legend: (Time is in decaauts)
 A = Elapsed time spent in this place.
 B = Non-inter-level travel time spent in this place.
 C = Inter-level travel time spent in this place.
 D = Time resting spent in this place.
 E = Time spent auto-exploring this place.
 F = Levels seen in this place.
 G = Mean time per level.
                   A        B        C        D        E       F      G
               +--------+--------+--------+--------+--------+-----+--------+
         Total |  15414 |  14613 |    801 |   3807 |   7494 |   9 | 1712.7 |
       Dungeon |  15414 |  14613 |    801 |   3807 |   7494 |   9 | 1712.7 |
               +--------+--------+--------+--------+--------+-----+--------+

Top non-repeatable levels by time:
     D:8: 3802 daAuts
     D:5: 2506 daAuts
     D:4: 2084 daAuts
     D:7: 1853 daAuts
     D:6: 1667 daAuts
     D:1: 1472 daAuts
     D:2: 773 daAuts
     D:3: 670 daAuts
     D:9: 584 daAuts
